 Dungeon Crawl Stone Soup version 0.30.1-11-g7821555f0a (webtiles) character file.

Game seed: 7964914177913334732

107 SacredBeard the Vexing (level 4, 0/25 HPs)
             Began as a Deep Elf Hexslinger on Oct 30, 2023.
             Killed from afar by Sigmund (10 damage)
             ... with a puff of flame
             ... on level 4 of the Dungeon.
             The game lasted 00:09:15 (2998 turns).

SacredBeard the Vexing (Deep Elf Hexslinger)        Turns: 2998, Time: 00:09:45

Health: 0/25       AC:  4    Str:  7    XL:     4   Next: 57%
Magic:  10/10      EV: 12    Int: 18    God:
Gold:   8          SH:  0    Dex: 17    Spells: 0/8 levels left

rFire   . . .        a - +1 sling
rCold   . . .        (no shield)
rNeg    . . .        h - +0 leather armour {rPois}
rPois   +            (no helmet)
rElec   .            (no cloak)
rCorr   .            d - +0 pair of gloves
SInv    .            (no boots)
Will    .....        (no amulet)
Stlth   +            (no ring)
HPRegen 0.24/turn    (no ring)
MPRegen 0.12/turn

%: no passive effects
@: no status effects
A: no striking features
a: no special abilities


You were on level 4 of the Dungeon.
You visited 1 branch of the dungeon, and saw 4 of its levels.

You collected 123 gold pieces.
You spent 115 gold pieces at shops.

Inventory:

Hand Weapons
 a - a +1 sling (weapon)
Armour
 d - a +0 pair of gloves (worn)
 h - a +0 leather armour of poison resistance (worn)
Jewellery
 k - a ring of poison resistance
 l - a +4 ring of protection
 n - a ring of fire
Wands
 m - a wand of flame (23)
Scrolls
 b - 2 scrolls of poison
 c - 2 scrolls of vulnerability {unknown}
 f - 2 scrolls of blinking
 g - 2 scrolls of enchant armour {unknown}
 j - a scroll of silence {unknown}
 p - 3 scrolls of identify {unknown}
 q - a scroll of amnesia {unknown}
 r - a scroll of teleportation
Potions
 e - 2 potions of ambrosia {unknown}
 i - 2 potions of attraction {unknown}
 o - 2 potions of invisibility {unknown}


   Skills:
 - Level 1.0 Fighting
 * Level 4.4 Ranged Weapons
 + Level 3.3 Dodging
 + Level 2.9 Spellcasting
 + Level 4.8 Hexes


You couldn't memorise any spells.
You knew the following spells:

 Your Spells              Type           Power      Damage    Failure   Level
a - Slow                  Hex            80%        N/A       3%          1
b - Apportation           Tloc           4%         N/A       26%         1
c - Inner Flame           Hex/Fire       11%        N/A       28%         3
d - Portal Projectile     Hex/Tloc       22%        N/A       28%         3

Your spell library contained the following spells:

 Spells                   Type           Power      Damage    Failure   Level
 Cause Fear               Hex            10%        N/A       32%         4
 Passage of Golubria      Tloc           2%         N/A       94%         4
 Summon Ice Beast         Ice/Summ       2%         N/A       94%         4
 Silence                  Hex/Air        5%         N/A       95%         5
 Summon Mana Viper        Hex/Summ       11%        N/A       95%         5
 Alistair's Intoxication  Tmut/Pois      1%         N/A       100%        5
 Monstrous Menagerie      Summ           1%         N/A       100%        7
 Lehudib's Crystal Spear  Conj/Erth      1%         10d2      100%        8


Dungeon Overview and Level Annotations

Branches:
Dungeon (4/15) Zot: 20903
 Temple: D:4-7

Altars:
Fedhas
Nemelex Xobeh
Xom

Shops:
D:3 ?

Annotations:
D:4 Sigmund


Message History

You shoot a sling bullet. The sling bullet hits the endoplasm!
You kill the endoplasm!
No target in view!
No target in view!
No target in view!
No target in view!
There is an entrance to Ugey's Magic Scroll Shoppe here.
f - 2 scrolls of blinking (gained 1);
r - a scroll of teleportation Thank you for shopping at Ugey's Magic Scroll Shoppe!
There is a stone staircase leading down here.
There is an open door here.
There is an open door here.
There is an open door here.
You open the door.
There is an open door here.
There is a stone staircase leading down here.
There is a stone staircase leading down here.
There is an open door here.
There is an open door here.
You enter the shallow water.
Moving in this stuff is going to be slow.
There is an open door here.
There is an open door here.
There is a stone staircase leading down here.
There is an open door here.
Done exploring.
Done exploring.
Done exploring.
There is an open door here.
You open the door.
There is an open door here.
There is a stone staircase leading down here.
You climb downwards.
Level annotation: Sigmund The quokka misses you.
The ogre hits you with a +0 giant club!
Ouch! That really hurt!
Sigmund looks at you with fury.
Sigmund points at you and mumbles some strange words.
The puff of flame hits you!
You die...

.# . #######.##
#.###........
...........#
o... ...# #
##.####.# .#
#......r##.####
#.@.....@.....#
#.####.O##.####
#.# #$.# # ..#
#.... ####
#.?$.. ###....#
.#.## .#..


You could see an ogre, Sigmund and a quokka.

Vanquished Creatures
  4 adders
  2 worms (D:3)
  3 dart slugs
  4 ball pythons
  8 endoplasms
  6 giant cockroaches
  4 goblins
  4 hobgoblins
  2 jackals (D:1)
  6 kobolds
  4 quokkas
  4 bats
  4 frilled lizards
  3 rats (D:1)
58 creatures vanquished.

Notes
Turn   | Place    | Note
-------+----------+-------------------------------------------
     0 | D:1      | SacredBeard the Deep Elf Hexslinger began the quest for the
                  | Orb.
     0 | D:1      | Reached XP level 1. HP: 11/11 MP: 5/5
   166 | D:1      | Reached skill level 1 in Fighting
   166 | D:1      | Reached XP level 2. HP: 14/16 MP: 6/6
   752 | D:2      | Reached XP level 3. HP: 14/20 MP: 6/8
  1735 | D:3      | You fall into a shaft and drop 1 floor!
  1737 | D:4      | Noticed an ogre
  1744 | D:4      | Noticed Sigmund
  1924 | D:3      | Reached XP level 4. HP: 25/25 MP: 6/9
  1973 | D:3      | Learned a level 1 spell: Apportation
  1982 | D:3      | Learned a level 3 spell: Inner Flame
  1986 | D:3      | Learned a level 3 spell: Portal Projectile
  2354 | D:3      | Found a blossoming altar of Fedhas.
  2430 | D:3      | Found a sparkling altar of Nemelex Xobeh.
  2430 | D:3      | Found a shimmering altar of Xom.
  2641 | D:3      | Found a faded altar of an unknown god.
  2667 | D:3      | Found Ugey's Magic Scroll Shoppe.
  2683 | D:3      | Bought a scroll of blinking for 82 gold pieces
  2683 | D:3      | Bought a scroll of teleportation for 33 gold pieces
  2998 | D:4      | Killed from afar by Sigmund

Illustrated notes

Levels and vault maps discovered:
D:1:      dpeg_arrival_three_same_balls, layout_loops_ring
D:2:      layout_loops_ring, serial_bayou, serial_bayou_crossing,
          serial_bayou_ford_a, serial_bayou_shore_a, serial_bayou_pond_d,
          serial_bayou_lagoon_a
D:3:      layout_loops_corners, mainiacjoe_overflow_brackets,
          gammafunk_temple_overflow_elements, nicolae_ecumenical_snake_handling,
          serial_shops, shop, serial_rivers, chequers_serial_rivers_micro_c,
          chequers_serial_rivers_room_a, chequers_serial_rivers_room_b,
          chequers_serial_rivers_room_a, chequers_serial_rivers_small_b,
          chequers_serial_rivers_micro_a
D:4:      layout_loops_ring, minmay_temple_entry_poolview, serial_shops,
          nicolae_shop_hallway_stairs, uniq_sigmund, uniq_crazy_yiuf_cottage,
          uniq_duvessa

Skill      XL: |  1  2  3 |
---------------+----------+-----
Ranged Weapons | 3 4 |  4.4
Fighting       | 1 |  1.0
Spellcasting   | 2 |  2.9
Dodging        | 3 |  3.3
Hexes          | |  4.8

Action                     |  1- 3 |  4- 6 || total
---------------------------+-------+-------++-------
   Fire: Sling             |   134 |    72 ||   206
   Cast: Slow              |    15 |    11 ||    26
 Armour: Robe              |     6 |       ||     6
         Leather armour    |     6 |     9 ||    15
  Dodge: Dodged            |    38 |    24 ||    62
